 Dungeon Crawl Stone Soup version 0.29.1-15-g9cfb28693d (webtiles) character file.

Game seed: 2888513968558876138

988 KamiKatze the Chopper (level 8, 0/76 HPs)
             Began as a Gargoyle Berserker on Mar 3, 2023.
             Was a Believer of Trog.
             Killed by divine providence
             ... invoked by an orc priest
              (12 damage)
             ... on level 6 of the Dungeon.
             The game lasted 00:17:54 (4747 turns).

KamiKatze the Chopper (Gargoyle Berserker)          Turns: 4747, Time: 00:17:54

Health: 0/76       AC: 19    Str: 24    XL:     8   Next: 18%
Magic:  2/8        EV: 11    Int:  7    God:    Trog [**....]
Gold:   283        SH:  0    Dex:  9    Spells: 7/7 levels left

rFire   + . .      SeeInvis .   a - +0 hand axe
rCold   + . .      Faith    .   (no shield)
rNeg    + . .      Spirit   .   J - +4 ring mail
rPois   ∞          Reflect  .   n - +0 helmet
rElec   +          Harm     .   w - +0 cloak
rCorr   .          Rampage  .   x - +0 pair of gloves
Will    .....                   d - +0 pair of boots
Stlth   ..........              G - amulet of magic regeneration
HPRegen 0.22/turn               F - ring of protection from cold
MPRegen 0.51/turn               B - ring of protection from fire

@: berserking (expiring), very quick
A: sickness immunity, AC +5, negative energy resistance 1, electricity
resistance, torment resistance 1, petrification resistance
a: Renounce Religion, Berserk, Trog's Hand


You were on level 6 of the Dungeon.
You worshipped Trog.
Trog was pleased with you.
You visited 2 branches of the dungeon, and saw 7 of its levels.

You collected 283 gold pieces.

Inventory:

Hand Weapons
 a - a +0 hand axe (weapon)
 A - the +6 hammer "Muholes" {venom, rF+}
   (You found it on level 4 of the Dungeon)

   It poisons the flesh of those it strikes.
   rF:        It protects you from fire.
 H - a +0 trident
Missiles
 g - 4 curare-tipped darts
 j - 5 poisoned darts (quivered)
 v - a throwing net
Armour
 d - a +0 pair of boots (worn)
 e - a +0 chain mail
 i - a +0 plate armour
 n - a +0 helmet (worn)
 t - a +0 scale mail
 w - a +0 cloak (worn)
 x - a +0 pair of gloves (worn)
 J - a +4 ring mail (worn)
Jewellery
 f - a ring of see invisible
 o - a ring of magical power
 y - a ring of flight
 B - a ring of protection from fire (right hand)
 F - a ring of protection from cold (left hand)
 G - an amulet of magic regeneration (around neck)
Scrolls
 b - 3 scrolls of teleportation {unknown}
 c - 2 scrolls of torment {unknown}
 k - 2 scrolls of fear
 p - a scroll of magic mapping {unknown}
 q - a scroll of blinking {unknown}
 r - a scroll of vulnerability {unknown}
 u - a scroll of immolation {unknown}
 z - a scroll of poison {unknown}
 C - 2 scrolls of enchant weapon {unknown}
Potions
 h - a potion of haste
 l - a potion of mutation {unknown}
 m - 5 potions of curing
 s - a potion of heal wounds {unknown}
 D - a potion of flight {unknown}
 I - a potion of cancellation {unknown}


   Skills:
 - Level 6.0 Fighting
 * Level 6.3 Axes
 - Level 2.0 Throwing
 - Level 3.0 Armour
 - Level 2.0 Dodging
 - Level 3.0 Evocations


You had 7 spell levels left.
You didn't know any spells.
Your spell library was empty.

Dungeon Overview and Level Annotations

Branches:
Dungeon (6/15)             Temple (1/1) D:5

Altars:
Ashenzari
Cheibriados
Dithmenos
Elyvilon
Fedhas
Kikubaaqudgha
Nemelex Xobeh
Qazlal
Ru
Uskayaw
Wu Jian
Yredelemnul
Zin

Shops:
D:6 *


Innate Abilities, Weirdness & Mutations

You are immune to sickness and miasma.
Your stone body is resilient. (AC +5)
You are immune to poison.
You resist negative energy. (rN+)
You are resistant to electric shocks. (rElec)
You are resistant to unholy torment.
You are immune to petrification.


Message History

Something hits you but does no damage.
The orc warrior hits you with a +2 antimagic trident!
* * * LOW HITPOINT WARNING * * *
You feel your power leaking away.
The phantom hits you but does no damage.
You slash something! You closely miss the phantom.
You closely miss the orc warrior.
Unknown command.
You miss something. You barely miss the phantom.
You hit the orc warrior but do no damage.
You hear some strange, mumbled words.
Something tries to affect you, but you resist.
The orc warrior closely misses you. The phantom closely misses you.
Unknown command.
You hit the orc warrior.
The orc warrior is heavily wounded.
You hit something. Trog accepts your kill.
Trog appreciates your killing of a magic user.
Reactivating autopickup.
You feel a bit more experienced.
You hit the phantom.
An orc wizard appears from thin air!
The orc warrior hits you but does no damage.
The phantom hits you but does no damage.
You slash the orc warrior!
The orc warrior is severely wounded.
You hit the phantom. You hit the kobold.
You kill the kobold!
Trog accepts your kill.
Unknown command.
You closely miss the orc warrior.
The orc warrior is severely wounded.
You barely miss the phantom.
The orc warrior hits you with a +2 antimagic trident.
* * * LOW HITPOINT WARNING * * *
The phantom hits you but does no damage.
Unknown command.
The orc priest mumbles some strange prayers to Beogh against you.
Beogh smites you!
You die...

#..#....
#..#... ......
...... ##....
.o... #o#.# .#
.. #@#.# .##.#
#)#.#+#....#
#.#oW........#
#.###........#
#.#..........#
#.#.##......##
#.............
#...###.######
#...# #.# ###.


You could see an orc warrior, a phantom, an orc priest and an orc wizard.

Vanquished Creatures
  An orc warrior (D:4)
  A black bear (D:5)
  A kobold brigand (D:6)
  A necrophage (D:5)
  A scorpion (D:5)
  A howler monkey (D:5)
  A gnoll bouda (D:4)
  Crazy Yiuf (D:4)
  4 orc priests
  3 hounds
  2 iguanas
  3 orc wizards
  5 gnolls (D:5)
  4 adders
  A white imp (D:5)
  A worm (D:3)
  2 dart slugs
  12 orcs
  3 bats
  5 endoplasms
  6 giant cockroaches
  4 goblins
  5 hobgoblins
  4 jackals (D:1)
  2 quokkas
  4 ball pythons
  2 frilled lizards (D:1)
  12 kobolds
  7 rats
99 creatures vanquished.

Vanquished Creatures (others)
  2 demonic plants (D:1)
2 creatures vanquished.

Grand Total: 101 creatures vanquished

Notes
Turn   | Place    | Note
-------+----------+-------------------------------------------
     0 | D:1      | KamiKatze the Gargoyle Berserker began the quest for the
                  | Orb.
     0 | D:1      | Reached XP level 1. HP: 14/14 MP: 1/1
   165 | D:1      | Reached XP level 2. HP: 17/19 MP: 2/2
   241 | D:1      | Found a faded altar of an unknown god.
   654 | D:2      | Reached ** piety under Trog
   709 | D:2      | Reached XP level 3. HP: 20/24 MP: 3/3
  1413 | D:3      | Reached XP level 4. HP: 28/29 MP: 4/4
  1563 | D:3      | Found a snail-covered altar of Cheibriados.
  1808 | D:3      | Reached XP level 5. HP: 34/34 MP: 5/5
  2205 | D:4      | Found a broken altar of Ashenzari.
  2298 | D:4      | Found a runed translucent door.
  2302 | D:4      | Noticed Crazy Yiuf
  2305 | D:4      | Identified the +6 hammer "Muholes" {venom, rF+}
  2312 | D:4      | Identified the +6 hammer of Ywizef {elec, *Rage rCorr Str-4
                  | Dex+7}
  2321 | D:4      | Killed Crazy Yiuf
  2322 | D:4      | Reached skill level 1 in Throwing
  2322 | D:4      | Reached skill level 1 in Evocations
  2493 | D:4      | Reached skill level 5 in Fighting
  2493 | D:4      | Reached XP level 6. HP: 32/40 MP: 6/6
  2562 | D:4      | Found an ancient bone altar of Kikubaaqudgha.
  2932 | D:4      | Noticed an orc warrior
  2944 | D:4      | Killed an orc warrior
  2955 | D:4      | Reached XP level 7. HP: 44/44 MP: 7/7
  3093 | D:5      | Entered Level 5 of the Dungeon
  3094 | D:5      | Found a blossoming altar of Fedhas.
  3533 | D:5      | Found a staircase to the Ecumenical Temple.
  3588 | Temple   | Entered the Ecumenical Temple
  3922 | D:5      | Reached skill level 5 in Axes
  4235 | D:5      | Reached XP level 8. HP: 30/51 MP: 8/8
  4681 | D:6      | Found Xiqi's Overcharged Wands.
  4747 | D:6      | Killed from afar by an orc priest

Illustrated notes

Levels and vault maps discovered:
D:1:      dpeg_arrival_stonehenge_8_columns, layout_basic,
          dreamdust_ecumenical_altar_sealed_demon, skrybe_limestone_x
D:2:      layout_basic, minmay_heptomino_h4
D:3:      layout_basic, mainiacjoe_overflow_brackets
D:4:      layout_basic, mainiacjoe_overflow_small_starburst,
          nicolae_overflow_crystal_walls, uniq_crazy_yiuf_cottage
D:5:      layout_loops_corners, mainiacjoe_overflow_chevrons, temple_pool_b,
          palyth_stone_intersect, minmay_stone_trees_small
D:6:      layout_basic, nicolae_shop_overcharged_wands, uniq_sigmund,
          uniq_eustachio
Temple:   hellmonk_temple_beads

Skill      XL: |  1  2  3  4  5  6  7  8 |
---------------+-------------------------+-----
Axes           | 3 4 5 6 |  6.3
Fighting       | 4 5 6 |  6.0
Dodging        | 2 |  2.0
Armour         | 3 |  3.0
Throwing       | 1 2 |  2.0
Evocations     | 1 2 3 |  3.0

Action                   |  1- 3 |  4- 6 |  7- 9 || total
-------------------------+-------+-------+-------++-------
Melee: Hand axe          |   111 |   107 |   149 ||   367
       Punch             |       |     2 |     2 ||     4
Throw: Dart              |       |     1 |       ||     1
Invok: Berserk           |       |     5 |     7 ||    12
       Trog's Hand       |       |     2 |     2 ||     4
  Use: Scroll            |       |     3 |     1 ||     4
Armor: Animal skin       |    33 |       |       ||    33
       Leather armour    |    15 |       |       ||    15
       Ring mail         |     8 |    53 |   115 ||   176
Dodge: Dodged            |    72 |    52 |   101 ||   225
